 Dungeon Crawl Stone Soup version 0.30-a0-779-g7971cf19c3 (webtiles) character file.

Game seed: 17298414125925332977

3158 Pimp the Cutter (level 9, -4/57 HPs)
             Began as a Deep Elf Cinder Acolyte on Feb 18, 2023.
             Was an Initiate of Ignis.
             Succumbed to a hornet's poison
             ... on level 8 of the Dungeon.
             The game lasted 00:21:27 (7430 turns).

Pimp the Cutter (Deep Elf Cinder Acolyte)           Turns: 7430, Time: 00:21:28

Health: -4/57      AC: 32    Str: 19    XL:     9   Next: 62%
Magic:  14/14      EV:  7    Int: 20    God:    Ignis [......]
Gold:   1264       SH:  0    Dex: 14    Spells: 10/12 levels left

rFire   + + .      SeeInvis .    B - +5 flail (heavy)
rCold   . . .      Faith    .    (no shield)
rNeg    . . .      Spirit   .    d - +11 plate armour of Waheollu {rF+ Dex+2}
rPois   .          Reflect  .    p - +1 helmet
rElec   .          Harm     .    l - +2 cloak
rCorr   .          Rampage  .    k - +2 pair of gloves
Will    .....                    (no boots) Stlth
                                 (no amulet)
HPRegen 0.29/turn                D - +6 ring of strength
MPRegen 0.14/turn                (no ring)

@: mighty, lethally poisoned (-4 -> -17), about to teleport, slowed, very slow
A: claws 1, talons 1, wild magic 1, sturdy frame 1
a: Renounce Religion, Rising Flame


You were on level 8 of the Dungeon.
You worshipped Ignis.
Ignis was noncommittal.
You visited 1 branch of the dungeon, and saw 8 of its levels.
You also visited: Ossuary.

You collected 1264 gold pieces.

Inventory:

Hand Weapons
 a - a -1 short sword of flaming
 f - a +3 dagger of electrocution
 j - a +3 dagger
 B - a +5 heavy flail (weapon)
Missiles
 t - 3 poisoned darts (quivered)
Armour
 b - a +0 robe
 d - the +11 plate armour of Waheollu (worn) {rF+ Dex+2}
   (You acquired it on level 1 of the Dungeon)

   Dex:       It affects your dexterity (+2).
   rF:        It protects you from fire.
 k - a +2 pair of gloves (worn)
 l - a +2 cloak (worn)
 p - a +1 helmet (worn)
Jewellery
 D - a +6 ring of strength (left hand)
Wands
 m - a wand of digging (3)
 y - a wand of light (4)
 E - a wand of iceblast (5)
Scrolls
 c - a scroll of fear
 h - 2 scrolls of amnesia
 n - 2 scrolls of teleportation
 s - 2 scrolls of noise
 x - 4 scrolls of poison
Potions
 i - 3 potions of brilliance
 w - 2 potions of attraction
 z - a potion of invisibility {unknown}
 A - a potion of resistance


   Skills:
 * Level 7.0 Fighting
 - Level 7.0 Short Blades
 + Level 3.0 Maces & Flails
 * Level 6.3 Armour
 - Level 2.4 Spellcasting
 - Level 3.7 Fire Magic


You had 10 spell levels left.
You knew the following spells:

 Your Spells              Type           Power      Damage    Failure   Level
a - Scorch                Fire           44%        2d7       65%         2

Your spell library contained the following spells:

 Spells                   Type           Power      Damage    Failure   Level
 Sublimation of Blood     Necr           3%         N/A       98%         2
 Wereblood                Tmut           3%         N/A       98%         2
 Summon Hydra             Summ           1%         N/A       100%        7


Dungeon Overview and Level Annotations

Branches:
Dungeon (8/15)             Temple (0/1) D:7         Ossuary (visited)
   Lair: D:8-11

Altars:
Ashenzari
Cheibriados
Elyvilon
Qazlal
Zin

Annotations:
D:7 Joseph


Innate Abilities, Weirdness & Mutations

You have sharp fingernails.
You have sharp toenails.
Your spells are a little harder to cast, but a little more powerful.
Your movements are slightly less encumbered by armour. (ER -2)


Message History

a +0 trident; 3 boomerangs; a +0 chain mail A hornet comes into view.
You see here an amulet of regeneration.
The hornet stings you but does no damage. x2
You barely miss the hornet. You claw the hornet.
The hornet is lightly wounded.
The hornet stings you!
You are poisoned.
You feel yourself slow down. The hornet stings you.
You feel as though you will be slow longer.
The hornet stings you but does no damage.
You completely miss the hornet. Your kick misses the hornet.
The hornet is lightly wounded.
You feel very sick.
The hornet stings you but does no damage.
The hornet stings you.
You are more poisoned.
You feel as though you will be slow longer.
The hornet closely misses you.
The hornet stings you but does no damage.
You feel very mighty all of a sudden.
You feel very sick.
The hornet stings you but does no damage.
The hornet stings you.
You are lethally poisoned!
You feel as though you will be slow longer.
You bludgeon the hornet!! Your kick misses the hornet.
The hornet is almost dead.
* * * LOW HITPOINT WARNING * * *
You feel extremely sick. The hornet stings you.
* * * LOW HITPOINT WARNING * * *
You feel as though you will be slow longer.
The hornet stings you but does no damage. x2
The hornet stings you.
* * * LOW HITPOINT WARNING * * *
You feel as though you will be slow longer.
As you read the scroll of teleportation, it crumbles to dust.
You feel strangely unstable.
You die...

.......###.##
##..........##
.............# #
#........# .#
#..#...)..).###.#
###....)......#..#
#...####.).......#.##
...### ##...........#
....###†.".@y.#..
#...##.......#
##...##...........
#....<.............
###................
##.....#...###... #
#.....#..... ...
###.##.....#...... ..
#....()).#.###....


You could see a hornet.

Vanquished Creatures
  Prince Ribbit (D:6)
  Sigmund (D:3)
  Eustachio (D:4)
  Menkaure (D:4)
  Edmund (D:6)
  A sky beast (D:6)
  2 black bears
  An orc warrior (D:8)
  2 phantoms
  A kobold brigand (D:7)
  A bullfrog (D:6)
  A necrophage (D:6)
  6 scorpions
  9 wights
  A hound (D:5)
  2 jellies
  Crazy Yiuf (D:4)
  4 orc priests
  9 orc wizards
  4 iguanas
  4 mummies (Ossuary)
  Robin (D:3)
  3 gnolls (D:6)
  8 adders
  An ufetubus (D:5)
  2 worms
  A dart slug (D:1)
  27 orcs
  7 ball pythons
  6 endoplasms
  6 giant cockroaches
  18 goblins
  5 hobgoblins
  9 jackals
  2 quokkas
  10 bats
  3 frilled lizards
  5 gnoll skeletons (Ossuary)
  7 gnoll zombies (Ossuary)
  5 goblin skeletons (Ossuary)
  A goblin zombie (Ossuary)
  7 hobgoblin skeletons (Ossuary)
  2 hobgoblin zombies (Ossuary)
  8 kobolds
  A kobold skeleton (Ossuary)
  4 kobold zombies (Ossuary)
  3 orc skeletons (Ossuary)
  3 orc zombies (Ossuary)
  5 rats
  4 rat skeletons (Ossuary)
  8 rat zombies (Ossuary)
  2 butterflies (D:1)
228 creatures vanquished.

Vanquished Creatures (others)
  41 foxfires
  3 plants (D:1)
44 creatures vanquished.

Grand Total: 272 creatures vanquished

Notes
Turn   | Place    | Note
-------+----------+-------------------------------------------
     0 | D:1      | Pimp the Deep Elf Cinder Acolyte began the quest for the
                  | Orb.
     0 | D:1      | Reached XP level 1. HP: 13/13 MP: 5/5
   151 | D:1      | Found a faded altar of an unknown god.
   165 | D:1      | Reached XP level 2. HP: 18/18 MP: 7/7
   183 | D:1      | Learned a level 2 spell: Scorch
   766 | D:1      | Reached XP level 3. HP: 19/22 MP: 8/8
   827 | D:1      | Identified a scroll of acquirement
   827 | D:1      | Acquired the +11 plate armour of Waheollu {rF+ Dex+2}
  1789 | D:2      | Gained mutation: You have sharp toenails. [potion of
                  | mutation]
  1789 | D:2      | Gained mutation: You have hidden genetic potential. [potion
                  | of mutation]
  1789 | D:2      | Gained mutation: Your spells are a little harder to cast,
                  | but a little more powerful. [potion of mutation]
  2129 | D:3      | Noticed Robin
  2140 | D:3      | Reached XP level 4. HP: 27/27 MP: 9/9
  2161 | D:3      | Killed Robin
  2162 | D:3      | Reached skill level 1 in Armour
  2179 | D:3      | Gained mutation: Your movements are slightly less
                  | encumbered by armour. (ER -2) [hidden potential]
  2229 | D:3      | Noticed Sigmund
  2241 | D:3      | Killed Sigmund
  2242 | D:3      | Reached XP level 5. HP: 21/32 MP: 10/10
  2242 | D:3      | Gained mutation: You have sharp fingernails. [hidden
                  | potential]
  2242 | D:3      | Lost mutation: You have hidden genetic potential. [hidden
                  | potential expressed]
  2407 | D:3      | Found a white marble altar of Elyvilon.
  2408 | D:3      | Found a snail-covered altar of Cheibriados.
  2408 | D:3      | Found a broken altar of Ashenzari.
  2483 | D:3      | Reached XP level 6. HP: 36/38 MP: 11/11
  2815 | D:4      | Reached skill level 5 in Short Blades
  2883 | D:4      | Found a sand-covered staircase.
  2916 | Ossuary  | Entered an ossuary
  3209 | Ossuary  | Reached XP level 7. HP: 43/43 MP: 12/12
  3504 | D:4      | Noticed Eustachio
  3553 | D:4      | Killed Eustachio
  3733 | D:4      | Found a runed translucent door.
  3734 | D:4      | Noticed Crazy Yiuf
  3745 | D:4      | Killed Crazy Yiuf
  4045 | D:4      | Noticed Menkaure
  4053 | D:4      | Killed Menkaure
  4191 | D:5      | Entered Level 5 of the Dungeon
  4255 | D:5      | Reached skill level 5 in Fighting
  4255 | D:5      | Reached XP level 8. HP: 49/49 MP: 13/13
  4670 | D:5      | Found a stormy altar of Qazlal.
  4679 | D:5      | Found a glowing silver altar of Zin.
  5235 | D:6      | Noticed Edmund
  5249 | D:6      | Killed Edmund
  5628 | D:6      | Reached skill level 5 in Armour
  5777 | D:6      | Reached skill level 1 in Maces & Flails
  5904 | D:6      | Noticed Prince Ribbit
  5915 | D:6      | Killed Prince Ribbit
  5916 | D:6      | Reached XP level 9. HP: 40/55 MP: 14/14
  6088 | D:6      | Acquired 876 gold pieces
  6303 | D:7      | Found a staircase to the Ecumenical Temple.
  6449 | D:7      | Noticed Joseph
  7429 | D:8      | HP: 1/57 [hornet (3)]
  7430 | D:8      | Succumbed to a hornet's poison

Illustrated notes

Levels and vault maps discovered:
D:1:      minmay_arrival_loop, layout_basic,
          shapermc_ecumenical_altar_starsandcircs, chequers_serial_rivers_marsh,
          minmay_misc_feat_alley, hangedman_glass_garden, serial_park_tiny_1,
          fountainhead
D:2:      layout_basic, chequers_serial_rivers_micro_d
D:3:      layout_basic, minitemple, serial_rivers, chequers_serial_rivers_marsh,
          chequers_serial_rivers_small_3, chequers_serial_rivers_small_3,
          chequers_serial_rivers_small_a, st_stairs_9,
          kennysheep_generic_room_13, uniq_sigmund, uniq_robin
D:4:      layout_cave_pools, chequers_ossuary_entry_cave, minmay_misc_feat_x,
          uniq_menkaure, uniq_crazy_yiuf_cottage, uniq_eustachio
D:5:      layout_loops_ring, mainiacjoe_overflow_catwalk_spiral
D:6:      layout_cave_pods, kennysheep_crisscross, uniq_prince_ribbit1,
          uniq_edmund
D:7:      layout_gridville, minmay_temple_entry_grid, serial_shops,
          nicolae_shop_temple_entry_statues_fountains, kennysheep_mini_moat,
          uniq_joseph
D:8:      layout_cave_pools, dpeg_lair_monsters, skrybe_limestone_x

Skill      XL: |  1  2  3  4  5  6  7  8  9 |
---------------+----------------------------+-----
Spellcasting   | 2 |  2.4
Fighting       | 3 4 5 6 7 |  7.0
Armour         | 2 4 5 6 |  6.3
Short Blades   | 4 5 6 7 |  7.0
Maces & Flails | 1 3 |  3.0
Fire Magic     | |  3.7

Action                     |  1- 3 |  4- 6 |  7- 9 || total
---------------------------+-------+-------+-------++-------
  Melee: Dagger            |   122 |   248 |   232 ||   602
         Short sword       |     6 |       |       ||     6
         Kick              |     8 |   105 |   114 ||   227
         Punch             |     3 |     6 |     8 ||    17
         Flail             |       |       |   149 ||   149
   Cast: Scorch            |    12 |       |       ||    12
 Invoke: Foxfire Swarm     |     1 |       |     6 ||     7
         Fiery Armour      |       |       |     2 ||     2
    Use: Scroll            |    11 |     1 |    17 ||    29
         Potion            |     5 |     2 |     6 ||    13
 Armour: Robe              |    14 |       |       ||    14
         Plate armour      |    73 |   163 |   511 ||   747
  Dodge: Dodged            |    38 |    35 |   133 ||   206

Table legend: (Time is in decaauts)
 A = Elapsed time spent in this place.
 B = Non-inter-level travel time spent in this place.
 C = Inter-level travel time spent in this place.
 D = Time resting spent in this place.
 E = Time spent auto-exploring this place.
 F = Levels seen in this place.
 G = Mean time per level.
                   A        B        C        D        E       F      G
               +--------+--------+--------+--------+--------+-----+--------+
         Total |   7281 |   7106 |    175 |   1949 |   3358 |   9 |  809.0 |
       Dungeon |   6885 |   6710 |    175 |   1850 |   3342 |   8 |  860.6 |
       Ossuary |    396 |    396 |      0 |     99 |     16 |   1 |  396.0 |
               +--------+--------+--------+--------+--------+-----+--------+

Top non-repeatable levels by time:
     D:6: 1693 daAuts
     D:1: 1126 daAuts
     D:4: 1002 daAuts
     D:5: 899 daAuts
     D:2: 721 daAuts
     D:3: 692 daAuts
 Ossuary: 396 daAuts
     D:7: 380 daAuts
     D:8: 368 daAuts
